 Dungeon Crawl Stone Soup version 0.31.0-11-ge490571c62 (webtiles) character file.

Game seed: 1685360491225586543

701 Sobieck the Magician (level 7, -1/65 HPs)
             Began as an Oni Fire Elementalist on Jan 30, 2024.
             Slain by a gnoll
             ... wielding a +0 flail
             ... led by a gnoll bouda
              (2 damage)
             ... on level 5 of the Dungeon.
             The game lasted 00:07:47 (6038 turns).

Sobieck the Magician (Oni Fire Elementalist)        Turns: 6038, Time: 00:07:48

Health: -1/65      AC:  3    Str: 13    XL:     7   Next: 66%
Magic:  7/15       EV:  9    Int: 18    God:
Gold:   339        SH:  0    Dex:  9    Spells: 14/17 levels left

rFire   . . .        (no weapon)
rCold   . . .        (no shield)
rNeg    . . .        a - +0 robe
rPois   .            (helmet restricted)
rElec   .            (no cloak)
rCorr   .            (gloves unavailable)
SInv    .            (boots unavailable)
Will    .....        (no amulet)
Stlth   +            (no ring)
HPRegen 0.30/turn    (no ring)
MPRegen 0.14/turn

%: no passive effects
@: no status effects
A: large, unfitting armour, horns 1, tough skin 1, double potion healing,
drunken brawling
a: no special abilities


You were on level 5 of the Dungeon.
You visited 1 branch of the dungeon, and saw 6 of its levels.

You collected 339 gold pieces.

Inventory:

Armour
 a - a +0 robe (worn)
 l - the +0 robe of Loss {^Drain Str+3}
   (You took it off a goblin on level 3 of the Dungeon)

   Str+3:     It affects your strength (+3).
   ^Drain:    It drains your maximum health when unequipped.
Jewellery
 o - a ring of poison resistance
 t - a ring of flight
Scrolls
 f - a scroll of immolation
 h - a scroll of fog
 q - a scroll of blinking {unknown}
 s - a scroll of revelation
 R - a scroll of identify
Potions
 b - a potion of magic
 c - a potion of invisibility {unknown}
 d - 3 potions of haste {unknown}
 e - a potion of attraction {unknown}
 g - 2 potions of curing {unknown}
 i - a potion of lignification {unknown}
 j - 5 potions of enlightenment
 k - 4 potions of brilliance
 m - 3 potions of heal wounds {unknown}
 n - a potion of degeneration {unknown}
 p - a potion of mutation {unknown}
 r - a potion of might {unknown}


   Skills:
 - Level 2.0 Fighting
 - Level 1.7 Dodging
 - Level 1.4 Stealth
 + Level 5.5 Spellcasting
 + Level 4.1 Conjurations
 + Level 5.0 Fire Magic


You had 14 spell levels left.
You knew the following spells:

 Your Spells              Type           Power      Damage    Failure   Level
a - Foxfire               Conj/Fire      84%        2x1d8     1%          1
b - Scorch                Fire           46%        2d6       2%          2

Your spell library contained the following spells:

 Spells                   Type           Power      Damage    Failure   Level
 Freeze                   Ice            20%        1d4       13%         1
 Inner Flame              Hex/Fire       14%        N/A       14%         3
 Volatile Blastmotes      Fire/Tloc      28%        2d12      14%         3
 Hailstorm                Conj/Ice       12%        3d6       16%         3
 Flame Wave               Conj/Fire      21%        2d8       19%         4
 Frozen Ramparts          Ice            10%        1d2       36%         3


Dungeon Overview and Level Annotations

Branches:
Dungeon (6/15)
 Temple: D:4-7

Altars:
Dithmenos
Makhleb


Innate Abilities, Weirdness & Mutations

You are too large for most types of armour.
You have a pair of small horns on your head.
You have tough skin. (AC +1)
You gain doubled healing and magic from potions.
Whenever you drink a healing potion, you attack all around you.


Message History

The gnoll closely misses you.
The gnoll hits you from afar with a +0 halberd.
You conjure some foxfire!
The foxfire hits the gnoll but does no damage.
The gnoll is lightly wounded.
The foxfire hits the gnoll.
The gnoll is moderately wounded.
The gnoll hits you from afar with a +0 halberd. x2
* * * LOW HITPOINT WARNING * * *
The gnoll hits you with a +0 flail.
* * * LOW HITPOINT WARNING * * *
The foxfire hits the gnoll!
The gnoll is heavily wounded.
Unknown command.
You conjure some foxfire!
The foxfire hits the gnoll.
The gnoll is moderately wounded.
The gnoll hits you from afar with a +0 halberd!
* * * LOW HITPOINT WARNING * * *
The gnoll barely misses you.
You are too injured to fight recklessly!
Unknown command.
You are too injured to fight recklessly!
Unknown command.
You are too injured to fight recklessly!
Unknown command.
The foxfire hits the gnoll.
The gnoll is severely wounded.
The foxfire hits the gnoll.
The gnoll is heavily wounded.
The gnoll bouda barks out a call to the hunt!
The gnoll picks up the pace!
The gnoll closely misses you. The gnoll hits you but does no damage.
The gnoll hits you from afar with a +0 halberd!
* * * LOW HITPOINT WARNING * * *
The gnoll hits you from afar with a +0 halberd.
* * * LOW HITPOINT WARNING * * *
The gnoll barely misses you. The gnoll hits you with a +0 falchion.
* * * LOW HITPOINT WARNING * * *
The gnoll barely misses you. The gnoll closely misses you.
Unknown command.
The gnoll bouda barely misses you.
The orc wizard casts a spell.
The orc wizard flickers and vanishes!
Deactivating autopickup; reactivate with Ctrl-A.
The gnoll closely misses you. The gnoll barely misses you.
The gnoll hits you from afar with a +0 halberd.
* * * LOW HITPOINT WARNING * * *
The gnoll barely misses you. The gnoll bouda barely misses you.
The gnoll hits you with a +0 flail.
You die...

######## #......# ##......#
........#### ######
##.........###### #....#
#.....g##......######### #....#
####.#...##....g.......# #....#
###.###g.#..)g@g....#.# ##....#
##...####.#...g......#.###.....#
##...g.###....g{g.....#.##......#
........####.o........#.#..######
#g......# #..............## ###
...g....####.##)#.#...#.### ##.#
.#.....oo...........###.#####..#
........#..###...#.............##
.....................[...##.#...#


You could see a gnoll bouda, an orc wizard and 5 gnolls.

Vanquished Creatures
  Sigmund (D:5)
  An ice beast (D:3)
  A scorpion (D:5)
  A bombardier beetle (D:5)
  An orc priest (D:6)
  3 sleepcaps
  2 iguanas
  A gnoll (D:1)
  10 adders
  A dart slug (D:3)
  A ribbon worm (D:3)
  7 orcs
  8 ball pythons
  10 endoplasms
  3 giant cockroaches
  9 goblins
  10 hobgoblins
  4 jackals (D:1)
  6 kobolds
  4 quokkas
  7 bats
  3 frilled lizards
  7 rats
101 creatures vanquished.

Vanquished Creatures (collateral kills)
  2 foxfires (D:1)
2 creatures vanquished.

Vanquished Creatures (others)
  434 foxfires
434 creatures vanquished.

Grand Total: 537 creatures vanquished

Notes
Turn   | Place    | Note
-------+----------+-------------------------------------------
     0 | D:1      | Sobieck the Oni Fire Elementalist began the quest for the
                  | Orb.
     0 | D:1      | Reached XP level 1. HP: 16/16 MP: 3/3
    38 | D:1      | Reached skill level 1 in Conjurations
   238 | D:1      | Reached XP level 2. HP: 21/26 MP: 2/5
   346 | D:1      | Reached skill level 1 in Fighting
   349 | D:1      | Learned a level 2 spell: Scorch
   788 | D:1      | You fall into a shaft and drop 1 floor!
   880 | D:2      | Reached skill level 3 in Fire Magic
   972 | D:1      | Reached XP level 3. HP: 31/33 MP: 4/7
  1411 | D:1      | Reached skill level 3 in Spellcasting
  2085 | D:2      | Reached XP level 4. HP: 42/42 MP: 6/8
  2734 | D:3      | Noticed an ice beast
  2816 | D:3      | Killed an ice beast
  2817 | D:3      | Reached XP level 5. HP: 49/49 MP: 0/11
  3002 | D:3      | Identified the +0 robe of Loss {^Drain Str+3}
  3450 | D:3      | Reached XP level 6. HP: 57/57 MP: 9/12
  4164 | D:4      | Reached skill level 3 in Conjurations
  4395 | D:4      | Found a shadowy altar of Dithmenos.
  4830 | D:5      | Entered Level 5 of the Dungeon
  5058 | D:5      | Found a burning altar of Makhleb.
  5076 | D:5      | Noticed Sigmund
  5091 | D:5      | Killed Sigmund
  5092 | D:5      | Reached XP level 7. HP: 46/65 MP: 4/14
  6037 | D:5      | HP: 1/65 [gnoll/+0 halberd[a gnoll bouda] (5)]
  6038 | D:5      | Slain by a gnoll

Illustrated notes

Levels and vault maps discovered:
D:1:      dpeg_arrival_subterranean_lakeside_camping, layout_loops_corners
D:2:      layout_basic
D:3:      layout_rooms, minmay_quadrilaterals
D:4:      layout_loops_ring, nicolae_dithmenos_through_a_glass_darkly,
          kennysheep_generic_room_9
D:5:      layout_rooms, bloody_makhleb, uniq_sigmund
D:6:      layout_basic, nicolae_ru_path_of_blood, amcnicky_altar_gilded,
          kennysheep_orc_sif_temple, minmay_misc_feat_nine_boxes, uniq_pikel

Skill      XL: |  1  2  3  4  5  6  7 |
---------------+----------------------+-----
Conjurations   | 1 2 3 4 |  4.1
Fighting       | 1 2 |  2.0
Fire Magic     | 3 4 5 |  5.0
Spellcasting   | 3 4 5 |  5.5
Dodging        | |  1.7
Stealth        | |  1.4

Action                     |  1- 3 |  4- 6 |  7- 9 || total
---------------------------+-------+-------+-------++-------
  Melee: Unarmed           |     3 |       |       ||     3
   Cast: Foxfire           |    77 |   149 |    30 ||   256
         Scorch            |     1 |     4 |     6 ||    11
    Use: Scroll            |       |     9 |     1 ||    10
 Armour: Robe              |    44 |    23 |    28 ||    95
  Dodge: Dodged            |    32 |    19 |    26 ||    77
